cohdb
Replays
Latest Replays
All Replays
Popular Replays
Top Player Replays
Match Explorer
How It Works
Community
CoH3 Stats
Reddit
Sign in to upload your games and track your stats! →
Sign in with Steam
Match 43529514
Unlisted
Match 43529514
Overview
Messages
Build Orders
End
Scout Squad
Construct Weapon Support Center
M1919 Machine Gun Team
Selects Heavy Weapons
M1919 Machine Gun Team
Construct Barracks
Selects M2HB .50cal Heavy Machine Gun
Air Support Center
Riflemen Squad
Engineer Squad
Double Sortie
Grasshopper Recon Run
M3 Armored Personnel Carrier
Selects Assault Carriers
P-47 Dive Bomb
Construct Medical Station
Grasshopper Recon Run
Riflemen Squad
Grenade Package
M1919 Machine Gun Team
P-47 Strafing Run
Grasshopper Recon Run
P-47 Dive Bomb
Riflemen Squad
Selects Exchangeable Parts
M3 Assault Carrier
Grasshopper Recon Run
M1918 Browning Automatic Rifles
Riflemen Squad
Grasshopper Recon Run
Riflemen Squad
Riflemen Squad
P-47 Strafing Run
Grasshopper Recon Run
P-47 Strafing Run
Grasshopper Recon Run
Selects M26 Pershing Heavy Tank
Grasshopper Recon Run
P-47 Dive Bomb
M26 Pershing Heavy Tank
P-47 Dive Bomb
Grasshopper Recon Run
Engineer Squad
P-47 Strafing Run
M1919 Machine Gun Team
Selects Rapid Reposition
Selects Black Dragon Artillery Barrage
Grasshopper Recon Run
fenerx
PLNK-series Power Droid
ChoSweppeS
fleimeri
ofca
Gatom
0
0
Comments
sign in to comment!
No comments posted yet!